 Dungeon Crawl Stone Soup version 0.30.0-29-ga12c61a403 (webtiles) character file.

Game seed: 4602134513832660964

50855 Gabide the Spear-Bearer (level 14, -5/107 (115) HPs)
             Began as a Mummy Monk on June 16, 2023.
             Was a Priest of Ru.
             Killed from afar by a lindwurm (29 damage)
             ... with a blast of flame
             ... on level 1 of the Lair of Beasts.
             The game lasted 01:05:19 (23064 turns).

Gabide the Spear-Bearer (Mummy Monk)               Turns: 23064, Time: 01:05:19

HP:   -5/107 (115)  AC: 26    Str: 16    XL:     14   Next: 21%
MP:   14/14         EV: 15    Int:  9    God:    Ru [***...]
Gold: 849           SH:  5    Dex: 18    Spells: 13/13 levels left

rFire   . . .        a - +0 trident (heavy)
rCold   + . .        c - orb {light}
rNeg    + + +        n - +3 plate armour {rC+}
rPois   ∞            w - +2 hat
rElec   .            s - +0 cloak
rCorr   .            i - +0 pair of gloves
SInv    .            t - +1 pair of boots
Will    +....        g - amulet of reflection Stlth
                     u - +5 ring of evasion
HPRegen 0.37/turn    f - ring of fire
MPRegen 0.14/turn

%: reflection, faith
@: exhausted, glowing, studying Dodging, drained
A: cold resistance 1, negative energy resistance 3, torment resistance 2, heat
vulnerability 1, hated by all, no necromancy magic, no poison magic, no
transmutations magic, disrupted magic 1, in touch with death 2, no potions,
faith
a: Renounce Religion, Draw Out Power


You were on level 1 of the Lair of Beasts.
You worshipped Ru.
Ru was most pleased with you.
You visited 3 branches of the dungeon, and saw 15 of its levels.
You also visited: Sewer.

You collected 927 gold pieces.
You spent 78 gold pieces at shops.

Inventory:

Hand Weapons
 a - a +0 heavy trident (weapon)
 b - a +4 trident of chaos
 A - the +4 glaive of Jemuenni {heavy, rN+}
   (You found it on level 11 of the Dungeon)

   rN:        It protects you from negative energy.
 B - a +1 broad axe
Armour
 c - an orb of light (worn)
 d - +0 acid dragon scales
 h - a +2 ring mail of poison resistance
 i - a +0 pair of gloves (worn)
 n - a +3 plate armour of cold resistance (worn)
 s - a +0 cloak (worn)
 t - a +1 pair of boots (worn)
 w - a +2 hat (worn)
 D - a +0 leather armour of fire resistance
Jewellery
 f - a ring of fire (right hand)
 g - an amulet of reflection (around neck)
 j - a +4 ring of protection
 m - a ring of see invisible
 u - a +5 ring of evasion (left hand)
Wands
 o - a wand of mindburst (7)
 p - a wand of digging (5)
 x - a wand of polymorph (1)
 y - a wand of iceblast (5)
Scrolls
 l - 6 scrolls of identify
 q - 2 scrolls of magic mapping
 v - a scroll of amnesia
 z - a scroll of fog
 C - a scroll of blinking
Miscellaneous
 r - a phial of floods (inert)


   Skills:
 - Level 12.0 Fighting
 - Level 12.0 Polearms
 - Level 12.0 Armour
 + Level 10.4 Dodging


You had 13 spell levels left.
You didn't know any spells.
Your spell library contained the following spells:

 Spells                   Type           Power      Damage    Failure   Level
 Apportation              Tloc           0%         N/A       100%        1
 Necrotise                Necr           Unusable   1d4       N/A         1
 Summon Small Mammal      Summ           Unusable   N/A       N/A         1
 Call Canine Familiar     Summ           Unusable   N/A       N/A         3
 Summon Guardian Golem    Hex/Summ       Unusable   N/A       N/A         3
 Animate Dead             Necr           Unusable   N/A       N/A         4
 Borgnjor's Vile Clutch   Necr/Erth      Unusable   N/A       N/A         5
 Death Channel            Necr           Unusable   N/A       N/A         6

Dungeon Overview and Level Annotations

Branches:
Dungeon (13/15)            Temple (1/1) D:6            Lair (1/5) D:11
    Orc (0/2) D:11         Vaults (0/5) D:13          Sewer (visited)

Altars:
Ashenzari
Cheibriados
Dithmenos
Gozag
Kikubaaqudgha
Makhleb
Nemelex Xobeh
Okawaru
Qazlal
Ru
Sif Muna
Trog
Uskayaw
Vehumet
Wu Jian
Xom

Shops:
D:1 ?   D:4 (   D:7 *


Innate Abilities, Weirdness & Mutations

You are immune to poison.
Your flesh is cold resistant. (rC+)
You are immune to negative energy. (rN+++)
You are immune to unholy pain and torment.
You are vulnerable to heat. (rF-)
You are hated by all.
You cannot study or cast Necromancy magic.
You cannot study or cast Poison magic.
You cannot study or cast Transmutations magic.
Your casting is slightly disrupted.
You are strongly in touch with the powers of death.
You do not drink.
You have a special connection with the divine. (Faith)


Message History

The lindwurm barely misses you.
The lindwurm claws you but does no damage.
You can't drink.
Okay, then.
Unknown command.
Press: ? - help, v - describe, . - travel, g - get item
Here: a lindwurm (moderately wounded, very poisoned, slow, catching its breath, haloed) Item here: a curare-tipped dart.
The floor.
Unknown command.
Aiming: Iceblast
Press: ? - help, Shift-Dir - straight line, p - lindwurm The mass of ice explodes!
The iceblast engulfs the lindwurm.
The lindwurm is moderately wounded.
The guardian serpent coils itself and waves its upper body at you.
The bolt of poison misses you. The guardian serpent hits you.
* * * LOW HITPOINT WARNING * * *
The lindwurm misses you. x2
The lindwurm claws you but does no damage.
You hit the lindwurm.
The lindwurm is moderately wounded.
You block the guardian serpent's attack.
The lindwurm bites you but does no damage.
The lindwurm barely misses you.
The lindwurm claws you but does no damage.
Okay, then.
Unknown command.
You hit the lindwurm.
The lindwurm is heavily wounded.
The guardian serpent hits you.
* * * LOW HITPOINT WARNING * * *
The guardian serpent casts a spell at you.
The bolt of poison hits you but does no damage.
You resist.
You hit the lindwurm.
The lindwurm is severely wounded.
The guardian serpent is stunned by your conviction and fails to attack.
The lindwurm breathes flames at you. The blast of flame hits you!!
You die...

~~~~~~~~..~#####...###.#......###
#~~...~~####.#...### ###....###
#########.......## ###..##
##.........##..### #...##
#................### ##...#
##.....#.#..........### ##..##
#.....##.....#.##.....# #...#
#....#.....##...#.....#### ##..##
.....#...#......@S.##..#.## ##..#
........#...⌠..k⌠...#..#..# ##.#
##......#^....⌠.....#.....## #..
######..#...⌠...⌠......#...# ##.
# #..#..........##.....## #### #
##.....#....#....#...# #... #
##....##.#.....##...# #... ######
###.........##.....# #P... .....#
##........#......# #....


You could see a lindwurm (poisoned, slow, catching breath) and a guardian
serpent.

Vanquished Creatures
  A tengu reaver (D:10)
  A stone giant (D:11)
  The ghost of crompyre the Skirmisher, a journeyman OgHu of Okawaru (Lair:1)
  A minotaur (Lair:1)
  A yaktaur captain (D:11)
  A fire dragon (D:10)
  A catoblepas (D:11)
  3 vault guards
  3 hydras
  Erica (Lair:1)
  The ghost of Azuvok the Cleaver, a novice MiFi of Okawaru (D:10)
  5 centaur warriors
  6 two-headed ogres
  4 boulder beetles
  A swamp dragon (D:9)
  A deep elf pyromancer (D:13)
  A mana viper (D:9)
  8 ugly things
  3 manticores
  6 cyclopes
  2 black mambas (shapeshifter) (D:11)
  An unseen horror (D:13)
  A torpor snail (Lair:1)
  5 gargoyles
  2 kobold demonologists (D:13)
  2 cane toads (Lair:1)
  A rime drake (D:11)
  3 freezing wraiths
  A komodo dragon (Lair:1)
  A yaktaur (D:8)
  12 trolls
  A hornet (D:7)
  4 blink frogs (Lair:1)
  A jumping spider (D:9)
  3 shadows
  9 slime creatures (D:12)
  2 vampires
  4 wyverns
  Eustachio (D:3)
  A basilisk (Lair:1)
  4 wraiths
  9 vampire mosquitoes
  23 yaks
  A redback (D:9)
  Menkaure (D:4)
  2 steam dragons
  Edmund (D:5)
  8 water moccasins
  4 acid dragons
  10 orc warriors
  Pargi (Sewer)
  2 ice beasts (D:7)
  A sky beast (D:8)
  A black bear (D:3)
  A boggart (D:9)
  9 centaurs
  6 wolves (Lair:1)
  5 kobold brigands
  3 gnoll sergeants
  6 bullfrogs
  6 scorpions
  11 wights
  7 killer bees (D:9)
  3 howler monkeys
  6 hounds
  9 orc priests
  Crazy Yiuf (D:4)
  A jelly (D:5)
  9 orc wizards
  3 sleepcaps
  4 iguanas
  10 adders
  13 gnolls
  A shadow imp (D:6)
  4 white imps
  2 worms
  4 dart slugs
  31 orcs
  9 bats
  9 endoplasms
  4 giant cockroaches
  7 goblins
  3 hobgoblins
  3 jackals (D:1)
  19 kobolds
  8 quokkas
  7 ball pythons
  2 frilled lizards
  5 rats
406 creatures vanquished.

Vanquished Creatures (others)
  A gargoyle (D:11)
  A freezing wraith (D:10)
  A wyvern (D:11)
3 creatures vanquished.

Grand Total: 409 creatures vanquished

Notes
Turn   | Place    | Note
-------+----------+-------------------------------------------
     0 | D:1      | Gabide the Mummy Monk began the quest for the Orb.
     0 | D:1      | Reached XP level 1. HP: 18/18 MP: 1/1
   184 | D:1      | Reached XP level 2. HP: 24/24 MP: 2/2
   490 | D:1      | Found Corac's Magic Scroll Shop.
   495 | D:1      | Bought a scroll of noise for 13 gold pieces
   615 | D:1      | Gained mutation: You are in touch with the powers of death.
                  | [Mummy growth]
   615 | D:1      | Reached XP level 3. HP: 29/29 MP: 3/3
   836 | D:1      | Reached skill level 1 in Armour
  1814 | D:1      | Bought a scroll of identify for 26 gold pieces
  1814 | D:1      | Bought a scroll of teleportation for 39 gold pieces
  1898 | D:3      | Reached XP level 4. HP: 34/35 MP: 4/4
  2262 | D:3      | Found a glowing drain.
  2291 | Sewer    | Entered a sewer
  2310 | Sewer    | Noticed Pargi
  2318 | Sewer    | Killed Pargi
  2319 | Sewer    | Reached XP level 5. HP: 28/41 MP: 5/5
  2775 | D:4      | Found Opybasus's Weapon Shop.
  2791 | D:3      | Reached XP level 6. HP: 36/47 MP: 6/6
  2850 | D:4      | Noticed Eustachio
  2987 | D:3      | Killed Eustachio
  2988 | D:3      | Reached skill level 5 in Polearms
  3096 | D:4      | Noticed Menkaure
  3107 | D:3      | Reached XP level 7. HP: 44/52 MP: 7/7
  3258 | D:4      | Killed Menkaure
  3413 | D:4      | Found a runed translucent door.
  3414 | D:4      | Noticed Crazy Yiuf
  3885 | D:4      | Killed Crazy Yiuf
  3886 | D:4      | Reached skill level 5 in Fighting
  3926 | D:5      | Entered Level 5 of the Dungeon
  4013 | D:5      | Found a burning altar of Makhleb.
  4257 | D:5      | Reached XP level 8. HP: 64/64 MP: 8/8
  4426 | D:5      | Noticed Edmund
  4431 | D:5      | Killed Edmund
  5115 | D:6      | Found a broken altar of Ashenzari.
  5227 | D:6      | Reached skill level 5 in Armour
  5395 | D:6      | Found a staircase to the Ecumenical Temple.
  5404 | Temple   | Entered the Ecumenical Temple
  5414 | Temple   | Became a worshipper of Ru the Awakened
  6405 | D:7      | Found Gozag's Platinum Reserve.
  6407 | D:7      | Found an opulent altar of Gozag.
  6567 | D:7      | Reached XP level 9. HP: 69/69 MP: 9/9
  6756 | D:7      | Noticed a cyclops
  6781 | D:7      | Killed a cyclops
  6782 | D:7      | Reached skill level 5 in Dodging
  7793 | D:8      | Reached XP level 10. HP: 75/76 MP: 10/10
  7878 | D:8      | Found a radiant altar of Vehumet.
  7881 | D:8      | Found a bloodstained altar of Trog.
  7883 | D:8      | Found a blossoming altar of Fedhas.
  8671 | D:9      | Noticed a tengu warrior
  8683 | D:9      | Noticed a deep elf pyromancer
  8781 | D:9      | Noticed a white ugly thing
  8805 | D:9      | Killed a white ugly thing
  9159 | D:9      | Noticed a deep elf pyromancer
  9180 | D:9      | a deep elf pyromancer changed into a mana viper
  9180 | D:9      | Noticed a mana viper
  9190 | D:9      | a tengu warrior changed into a swamp dragon
  9190 | D:9      | Noticed a swamp dragon
  9213 | D:9      | Killed a mana viper
  9228 | D:9      | Killed a swamp dragon
  9354 | D:9      | Noticed a cyan ugly thing
  9354 | D:9      | Noticed a centaur warrior
  9377 | D:9      | Noticed a two-headed ogre
  9718 | D:9      | a deep elf pyromancer changed into a redback
  9801 | D:9      | Noticed a two-headed ogre
  9813 | D:9      | a two-headed ogre changed into a jumping spider
  9902 | D:9      | Noticed a cyclops
  9959 | D:9      | Killed a cyclops
  9960 | D:9      | Reached XP level 11. HP: 75/89 MP: 11/11
 10022 | D:9      | Noticed a centaur warrior
 10036 | D:9      | a centaur warrior changed into a steelbarb worm
 10036 | D:9      | Noticed a steelbarb worm
 10048 | D:8      | HP: 3/89 [barbs]
 10138 | D:8      | a steelbarb worm changed into a yaktaur
 10334 | D:9      | Killed a centaur warrior
 10364 | D:9      | Gained mutation: Your casting is slightly disrupted. [Ru
                  | sacrifice]
 10552 | D:9      | Identified the staff of conjuration "Xahen" {rElec SInv
                  | Stlth+}
 10711 | D:9      | Noticed a five-headed hydra
 10736 | D:8      | Killed a five-headed hydra
 10972 | D:9      | Noticed a centaur warrior
 10999 | D:9      | Killed a centaur warrior
 11049 | D:9      | Killed a cyan ugly thing
 11116 | D:10     | Entered Level 10 of the Dungeon
 11202 | D:10     | Noticed a two-headed ogre
 11224 | D:10     | Killed a two-headed ogre
 11377 | D:10     | Found a runed translucent gate.
 11378 | D:10     | Found a runed translucent gate.
 11387 | D:10     | Found a runed translucent gate.
 12099 | D:10     | Noticed Azuvok's ghost (novice MiFi)
 12210 | D:11     | Noticed a boulder beetle
 12635 | D:11     | Reached XP level 12. HP: 18/95 MP: 12/12
 12757 | D:11     | Identified the +7 quarterstaff of Calculation {venom,
                  | Int+4}
 12761 | D:11     | Identified the +4 glaive of Jemuenni {heavy, rN+}
 12838 | D:11     | Noticed a two-headed ogre
 12843 | D:11     | Noticed a fire dragon
 12857 | D:11     | Noticed a catoblepas
 12860 | D:11     | Noticed a two-headed ogre
 13495 | D:12     | Found a snail-covered altar of Cheibriados.
 13510 | D:12     | Reached skill level 10 in Polearms
 13569 | D:12     | Noticed a boulder beetle
 13596 | D:12     | Killed a boulder beetle
 13844 | D:12     | Gained mutation: You cannot study or cast Poison magic. [Ru
                  | sacrifice]
 13844 | D:12     | Gained mutation: You cannot study or cast Transmutations
                  | magic. [Ru sacrifice]
 13844 | D:12     | Gained mutation: You cannot study or cast Necromancy magic.
                  | [Ru sacrifice]
 13844 | D:12     | Reached * piety under Ru
 14427 | D:13     | Noticed a two-headed ogre
 14427 | D:13     | Noticed a centaur warrior
 14443 | D:13     | Killed a two-headed ogre
 14766 | D:13     | Noticed an eight-headed hydra
 14787 | D:13     | Killed an eight-headed hydra
 14850 | D:13     | Noticed a centaur warrior
 15299 | D:12     | Killed a centaur warrior
 16019 | D:13     | Noticed a two-headed ogre
 16030 | D:13     | Killed a two-headed ogre
 16160 | D:13     | Noticed a vault guard
 16169 | D:13     | Noticed a vault guard
 16172 | D:13     | Noticed a vault guard
 16215 | D:13     | Killed a vault guard
 16216 | D:13     | Reached skill level 10 in Fighting
 16438 | D:12     | Gained mutation: You are strongly in touch with the powers
                  | of death. [Mummy growth]
 16438 | D:12     | Reached XP level 13. HP: 77/103 MP: 13/13
 17178 | D:13     | Found a gate to the Vaults.
 17526 | D:11     | Noticed a stone giant
 17601 | D:11     | Killed a stone giant
 17904 | D:11     | Found a staircase to the Lair.
 17908 | D:11     | Noticed a tengu reaver
 17912 | D:11     | Found a staircase to the Orcish Mines.
 17932 | D:11     | Gained mutation: You are hated by all. [Ru sacrifice]
 17932 | D:11     | Reached ** piety under Ru
 17932 | D:11     | Reached *** piety under Ru
 19237 | D:10     | Killed Azuvok's ghost
 19466 | D:10     | Killed a fire dragon
 19702 | D:10     | Killed a tengu reaver
 19964 | D:11     | Identified the staff of air "Immupos" {rElec Int+3}
 19979 | D:11     | Reached skill level 10 in Armour
 21224 | Lair:1   | Entered Level 1 of the Lair of Beasts
 21401 | Lair:1   | Reached XP level 14. HP: 39/112 MP: 14/14
 22113 | Lair:1   | Found a hide-covered altar of Uskayaw.
 22430 | Lair:1   | Noticed Erica
 22443 | Lair:1   | Killed Erica
 22518 | Lair:1   | Found a runed translucent gate.
 22518 | Lair:1   | Found a runed translucent gate.
 22519 | Lair:1   | Found a runed translucent gate.
 22540 | Lair:1   | Noticed crompyre's ghost (journeyman OgHu)
 22582 | Lair:1   | Killed crompyre's ghost
 22601 | Lair:1   | Reached skill level 10 in Dodging
 23064 | Lair:1   | Killed from afar by a lindwurm

Illustrated notes

Levels and vault maps discovered:
D:1:      lemuel_arrival_cross, layout_loops_corners, serial_shops, shop,
          minmay_heptomino_o4
D:2:      kennysheep_big_flooded_room, layout_basic
D:3:      layout_loops_ring, cheibrodos_sewer_entry_bend
D:4:      layout_cave_pools, serial_shops, shop, corexii_corridor_pit,
          saegor_snake_ambush, uniq_eustachio, uniq_crazy_yiuf_cottage,
          uniq_menkaure
D:5:      layout_gridville, mainiacjoe_overflow_small_starburst,
          kennysheep_flooded_box, uniq_edmund
D:6:      layout_basic, ashenzari_altar_1,
          minmay_temple_entry_statues_fountains, minmay_misc_feat_five
D:7:      layout_basic, nicolae_gozag_zags_fifth_avenue, kb_rosetta
D:8:      layout_gridville, grunt_temple_overflow_diamond
D:9:      minmay_the_grid_octo_2x2 [minmay_the_grid_octo_teeth,
          minmay_the_grid_octo_toaster, minmay_the_grid_octo_checkered,
          minmay_the_grid_octo_prize_big_c], layout_long_grid,
          minmay_three_doors
D:10:     layout_small_grid, gammafunk_ghost_spectres, minmay_orc_keep
D:11:     minmay_complete_graph, layout_basic, minmay_lair_entry_grove,
          orc_0_dummy
D:12:     layout_stronghold, kennysheep_slug_shrine
D:13:     layout_loops_ring, lightli_vaults_fourway_checkpoint
Temple:   nicolae_temple_slightly_damp_pantheon
Lair:1:   layout_cave_pods, basic_altar, maelrawn_ghost_gauntlet_escape,
          hellmonk_guarded_unrand_seven_league_boots, lemuel_fruit_fields,
          grunt_megastairs_2, infiniplex_staircase_pool, lemuel_fruit_tree,
          uniq_erica

Skill      XL: |  1  2  3  4  5  6  7  8  9 10 11 12 13 14 |
---------------+-------------------------------------------+-----
Polearms       | 3 4 5 6 8 9 12 | 12.0
Dodging        | 3 4 6 9 10 | 10.4
Armour         | 1 3 6 7 9 11 12 | 12.0
Fighting       | 5 6 9 10 12 | 12.0

Action                     |  1- 3 |  4- 6 |  7- 9 | 10-12 | 13-15 || total
---------------------------+-------+-------+-------+-------+-------++-------
  Melee: Spear             |   107 |    91 |   190 |       |       ||   388
         Trident           |       |       |   286 |  1289 |   724 ||  2299
   Fire: Sling             |     2 |    19 |       |       |       ||    21
  Throw: Throwing net      |       |       |     3 |       |       ||     3
         Dart              |       |       |       |     4 |     3 ||     7
 Invoke: Reject Sacrifices |       |       |     2 |     1 |     1 ||     4
         Sacrifice Essence |       |       |       |     1 |       ||     1
         Sacrifice Arcana  |       |       |       |     1 |       ||     1
         Draw Out Power    |       |       |       |       |     9 ||     9
         Sacrifice Love    |       |       |       |       |     1 ||     1
  Evoke: Wand              |       |     6 |     2 |    14 |     1 ||    23
         Phial of floods   |       |       |       |     1 |     2 ||     3
    Use: Scroll            |     5 |       |     4 |    13 |     6 ||    28
   Stab: Invisible         |       |     4 |       |       |       ||     4
         Held in net/web   |       |       |     5 |       |       ||     5
         Distracted        |       |       |     1 |       |       ||     1
         Paralysed         |       |       |       |       |     4 ||     4
 Armour: Robe              |     5 |       |       |       |       ||     5
         Ring mail         |    15 |    35 |    46 |       |       ||    96
         Scale mail        |       |       |   104 |       |       ||   104
         Plate armour      |       |       |     5 |   125 |   216 ||   346
         Troll leather arm |       |       |       |   225 |       ||   225
         Acid dragon scale |       |       |       |   119 |   126 ||   245
  Dodge: Dodged            |    32 |    63 |   318 |  1181 |   449 ||  2043
  Block: Orb               |       |       |       |       |     6 ||     6
